Cogmind - Beta 10.2 @@@ ROGUE MODE // 2020.11.02 @ 18:14:48 // Halloween2020/ForbiddenLore Player: blelm Result: Self-destructed Performance ------------- Evolutions (7) 3500 Regions Visited (14) 2800 Robots Destroyed (226) 1130 Value Destroyed (8241) 8241 Prototype IDs (57) 1140 Alien Tech Used (0) 0 Bonus (975) 975 TOTAL SCORE: 17786 Bonus ------- High Alert Combat Kills 563 Follower Combat Kills 144 Aligned with FarCom 300 Friendly Fire -32 Cogmind --------- Core Integrity 1162/1300 Matter 155/300 Energy 240/240 System Corruption 9% Temperature Cool (0) Movement Hovering (68) Location -3/Research Parts ------- > --- POWER (2) -------- Micro Fission Core Micro Fission Core > --- PROPULSION (5) --- Combat Airjet Combat Airjet Combat Airjet Combat Airjet > --- UTILITY (12) ----- Advanced Coolant Injector Large Storage Unit Large Storage Unit Advanced Terrain Scan Processor Quantum Capacitor Reaction Control System Improved Medium Armor Plating Improved Hacking Suite Improved System Shield Advanced Dynamic Insulation System > --- WEAPON (2) ------- Railgun Lance > --- INVENTORY (16) --- Micro Fission Core Combat Gravmag System Combat Gravmag System Combat Gravmag System Experimental Heat Sink Energy Well (500) Matter Compressor (0) Advanced Transmission Jammer Mini Drone Bay (3/3) Heavy Shock Bomb Launcher Mini Smartbomb Launcher Mini Smartbomb Launcher Peak State ------------ > --- POWER ------------ Micro Fission Core Micro Fission Core > --- PROPULSION ------- Combat Airjet Combat Airjet Combat Airjet Combat Airjet Combat Airjet > --- UTILITY ---------- Large Storage Unit High-capacity Storage Unit Advanced Terrain Scan Processor Quantum Capacitor Advanced Transmission Jammer Reaction Control System Layered Heavy Armor Plating Improved Hacking Suite Improved System Shield Advanced Dynamic Insulation System > --- WEAPON ----------- Heavy Neutron Cannon Mini Smartbomb Launcher > --- INVENTORY -------- Combat Gravmag System Combat Gravmag System Combat Gravmag System Experimental Heat Sink Advanced Coolant Injector Large Storage Unit Energy Well Matter Compressor Long-range Terrain Scanner Advanced Particle Charger Improved Medium Armor Plating Advanced Powered Armor Mini Drone Bay Cooled Plasma Cannon Railgun Heavy Shock Bomb Launcher Mini Smartbomb Launcher Lance [Rating: 125] Favorites ----------- Power Micro Fission Core Engine Light Angular Momentum Engine Power Core Micro Fission Core Reactor Particle Reactor Propulsion Combat Airjet Treads Light Treads Leg Aluminum Leg Wheel Compact Wheel Hover Unit Combat Airjet Flight Unit Improved VTOL Module Utility Large Storage Unit Device System Backup Module Storage Large Storage Unit Processor Advanced Terrain Scan Processor Hackware Hacking Suite Protection Layered Heavy Armor Plating Weapon Cooled Plasma Cannon Energy Gun Medium Laser Energy Cannon Cooled Plasma Cannon Ballistic Gun Gauss Rifle Ballistic Cannon Enhanced Gauss Cannon Launcher Mini Smartbomb Launcher Impact Weapon Shock Maul Slashing Weapon Katana Piercing Weapon Lance Special Melee Weapon Advanced Datajack Build | -11 -10 -10 -10 -9 -8 -7 -7 -7 -6 -5 -5 -5 -4 -3 ------- Run | Scr Mat Min Exi Min Mat Fac Was Fac Fac Fac Was Fac Fac Res Slots Evolved 14 | . . . . . 4 2 . . 2 2 . . 2 2 Power 1 | . . . . . . . . . . . . . 1 . Propulsion 3 | . . . . . 1 1 . . . . . . 1 . Utility 10 | . . . . . 3 1 . . 2 2 . . . 2 Weapon . | . . . . . . . . . . . . . . . Parts Attached 458 | 2 10 1 . 6 49 95 1 42 50 4 1 63 86 48 Power 32 | . 1 . . . 6 5 . 2 3 . . 9 3 3 Engine 17 | . 1 . . . 5 4 . 2 2 . . 3 . . Core 14 | . . . . . 1 1 . . 1 . . 6 3 2 Reactor 1 | . . . . . . . . . . . . . . 1 Propulsion 41 | 2 1 1 . 1 10 7 . 3 1 . . 8 3 4 Treads 14 | 1 1 1 . 1 7 3 . . . . . . . . Leg . | . . . . . . . . . . . . . . . Wheel 1 | 1 . . . . . . . . . . . . . . Hover 24 | . . . . . 1 4 . 3 1 . . 8 3 4 Flight 2 | . . . . . 2 . . . . . . . . . Utility 186 | . 3 . . . 8 30 1 13 19 2 . 23 53 34 Device 98 | . . . . . 1 6 . 6 4 1 . 13 40 27 Storage 16 | . 3 . . . 1 3 . . 3 . . . 2 4 Processor 10 | . . . . . 2 2 . . 2 1 . 2 1 . Hackware 13 | . . . . . . 4 . 1 3 . . 3 2 . Protection 49 | . . . . . 4 15 1 6 7 . . 5 8 3 Artifact . | . . . . . . . . . . . . . . . Weapon 199 | . 5 . . 5 25 53 . 24 27 2 1 23 27 7 Energy Gun 4 | . 1 . . . 2 1 . . . . . . . . Energy Cannon 74 | . 1 . . 2 11 12 . 5 15 2 . 11 13 2 Ballistic Gun 45 | . 3 . . 2 3 18 . 6 5 . . 3 4 1 Ballistic Cannon 4 | . . . . 1 . 1 . . . . . 2 . . Launcher 38 | . . . . . 7 8 . 9 2 . 1 5 4 2 Special Weapon . | . . . . . . . . . . . . . . . Impact Weapon 6 | . . . . . . . . . 5 . . 1 . . Slashing Weapon 19 | . . . . . 2 13 . 4 . . . . . . Piercing Weapon 8 | . . . . . . . . . . . . 1 5 2 Special Melee Weapon 1 | . . . . . . . . . . . . . 1 . Unidentified Prototypes 19 | . . . . . 7 2 . 1 3 . . 2 3 1 Parts Lost 31 | . 2 1 . 2 2 6 . 3 1 . . 2 6 6 Power 3 | . . . . . . . . 1 1 . . . 1 . Propulsion 5 | . . 1 . 1 . 2 . . . . . . . 1 Utility 12 | . . . . . . 2 . 2 . . . 1 4 3 Weapon 11 | . 2 . . 1 2 2 . . . . . 1 1 2 Highest Loss Streak 3 | . 1 1 . 2 1 2 . 3 1 . . 1 3 3 Average Slot Usage (%) 95 | . 95 99 100 100 99 97 94 92 92 94 88 93 94 91 Engine 5 | . 14 14 14 14 8 4 7 7 5 5 5 2 . . Core 2 | . . . . . . 2 . . . . . 2 10 8 Treads 7 | . 20 27 28 28 26 9 . . . . . . . . Hover 18 | . . . . . . 19 30 29 25 23 23 22 25 22 Device 4 | . . . . . . 2 . 3 . 5 5 9 9 18 Storage 16 | . 23 28 28 28 27 17 15 15 13 11 11 11 10 9 Processor 2 | . . . . . 3 . . . . 5 5 4 5 4 Hackware 11 | . . . . . . 18 17 12 20 17 17 16 13 9 Protection 7 | . . . . . 14 6 7 7 12 11 11 6 7 5 Energy Cannon 5 | . 8 14 14 12 8 3 . 2 4 5 . 4 3 3 Ballistic Gun 5 | . 13 14 14 15 9 4 . 2 6 5 . 1 2 . Launcher 1 | . . . . . . . 15 2 . . 5 1 2 . Slashing Weapon 1 | . . . . . . 5 . 6 . . . . . . Naked Turns . | . . . . . . . . . . . . . . . Heaviest Build 114 | 12 62 62 62 62 92 95 89 114 85 80 75 83 112 112 Greatest Support 110 | 20 40 40 40 40 67 90 88 88 88 88 88 88 110 110 Greatest Overweight (x) 4 | . 1 3 1 1 4 1 1 1 1 . . 1 1 1 Average Overweight (x) . | . . 1 1 1 1 . . . . . . . . . Largest Inventory Capacity 24 | 6 18 18 18 18 24 24 18 18 18 16 16 16 24 18 Average Capacity 18 | 6 12 18 18 18 24 19 18 18 16 16 16 16 16 17 Most Carried 24 | 6 18 17 17 17 24 24 18 18 18 15 15 16 18 18 Average Carried 16 | 4 6 15 16 16 21 19 17 17 15 14 14 15 15 17 Final Capacity 24 | 6 18 18 18 18 24 18 18 18 16 16 16 16 18 16 Final Carried 23 | 4 15 16 17 17 23 18 18 18 16 14 15 15 17 12 Class Distribution -------------------- 32% | Hacker-Mutant 19% | Hacker-Scout 18% | Mutant 16% | Hauler-Mutant 5% | Machinist-Scout 5% | Machinist-Mutant Dominant Class ---------------- Mutant | -10/Materials Mutant | -10/Mines Mutant | -10/Exiles Mutant | -9/Mines Hauler-Mutant | -8/Materials Hacker-Mutant | -7/Factory Hacker-Mutant | -7/Waste Mutant | -7/Factory Hacker-Mutant | -6/Factory Hacker-Scout | -5/Factory Hacker-Scout | -5/Waste Hacker-Scout | -5/Factory Hacker-Scout | -4/Factory Machinist-Ninja | -3/Research Resources | -11 -10 -10 -10 -9 -8 -7 -7 -7 -6 -5 -5 -5 -4 -3 ----------- Run | Scr Mat Min Exi Min Mat Fac Was Fac Fac Fac Was Fac Fac Res Matter Collected 7714 | 220 142 51 . 56 1053 1183 248 372 1176 53 . 1058 1203 899 Remotely . | . . . . . . . . . . . . . . . Salvage Created 9705 | . 660 174 . 67 1378 1462 186 693 1083 53 . 1534 1492 923 Parts 454 | . 40 13 . 4 73 72 1 44 34 . . 63 67 43 Haulers Intercepted 20 | . 2 . . . 5 4 . 2 4 . . 1 1 1 Recyclers Shooed 12 | . . . . 1 1 3 . . 2 . . 2 2 1 Parts Field Recycled . | . . . . . . . . . . . . . . . Retrieved Matter . | . . . . . . . . . . . . . . . Parts Self-Destructed . | . . . . . . . . . . . . . . . Prevented . | . . . . . . . . . . . . . . . Kills | -11 -10 -10 -10 -9 -8 -7 -7 -7 -6 -5 -5 -5 -4 -3 ------- Run | Scr Mat Min Exi Min Mat Fac Was Fac Fac Fac Was Fac Fac Res Combat Hostiles Destroyed 134 | . 13 5 . 2 23 18 1 8 11 1 . 21 19 12 Melee 5 | . . . . . . 1 . . . . . 2 2 . Guns 30 | . 7 1 . 1 7 5 . 1 2 . . . 5 1 Cannons 42 | . 6 4 . 1 5 4 . 2 2 . . 6 6 6 AOE 54 | . . . . . 10 8 1 5 6 . . 13 6 5 Classes Destroyed 16 | . 6 1 . 1 5 2 1 . . . . . . . Worker 15 | . . 1 . . 1 1 . 3 2 . . . 2 5 Builder 13 | . . . . . 1 3 . 3 . . . 2 2 2 Tunneler 2 | . . . . . . 1 . . . . . 1 . . Hauler 20 | . 2 . . . 5 4 . 2 4 . . 1 1 1 Recycler 19 | . 1 . . . . 6 . . 2 . . 4 3 3 Operator 6 | . 2 . . . 3 1 . . . . . . . . Watcher 17 | . 2 . . . 5 2 . 3 1 . . 3 1 . Swarmer 28 | . 6 3 . . 3 7 . . 8 . . 1 . . Grunt 44 | . 7 2 . . 10 2 . 5 . . . 12 6 . Brawler 2 | . . . . . 1 1 . . . . . . . . Duelist 3 | . . . . . 2 . . . . . . . 1 . Sentry 11 | . . . . . 6 3 . . . . . 1 1 . Demolisher 2 | . . . . 2 . . . . . . . . . . Hunter 2 | . . . . . 1 . . . . 1 . . . . Programmer 41 | . . . . . . 5 . 3 3 . . 7 11 12 Compactor 1 | . . . . . . . 1 . . . . . . . Best Kill Streak 6 | . 3 3 . 2 5 5 1 4 5 1 . 6 5 4 Combat Bots Only 5 | . 3 3 . 2 3 4 1 3 4 1 . 5 4 3 Max Kills in Single Turn 3 | . 1 1 . 1 3 3 1 3 3 1 . 3 1 2 Gunslinging . | . . . . . . . . . . . . . . . Exploded 3 | . . . . . 3 2 1 1 2 . . 2 1 2 Melee 1 | . . . . . . 1 . . . . . 1 1 . Uniques/NPCs Destroyed . | . . . . . . . . . . . . . . . Combat | -11 -10 -10 -10 -9 -8 -7 -7 -7 -6 -5 -5 -5 -4 -3 -------- Run | Scr Mat Min Exi Min Mat Fac Was Fac Fac Fac Was Fac Fac Res Damage Taken 9882 | . 499 160 . 436 769 1122 . 814 689 139 51 884 2503 1816 Core 928 | . 89 17 . 80 127 111 . 41 30 17 . 73 205 138 Absorbed by Shields . | . . . . . . . . . . . . . . . Core Remaining (%) 78 | 100 . . . 25 76 . . 78 96 . . 91 82 . Volleys Fired 733 | . 58 11 . 6 61 59 8 44 126 4 1 128 125 102 Largest 2 | . 2 2 . 2 2 2 2 1 2 1 1 2 2 1 Hottest 125 | . 76 79 . 120 91 120 72 120 120 120 46 120 125 110 Shots Fired 920 | . 110 22 . 7 107 80 16 46 132 4 1 136 158 101 Gun 264 | . 86 11 . 2 47 34 . 9 27 . . 1 33 14 Cannon 543 | . 24 11 . 5 46 32 . 22 97 4 . 117 111 74 Launcher 113 | . . . . . 14 14 16 15 8 . 1 18 14 13 Special . | . . . . . . . . . . . . . . . Kinetic 239 | . 53 11 . 2 47 34 . 9 27 . . 9 33 14 Thermal 466 | . 33 . . 5 . 11 . 22 97 4 . 109 111 74 Explosive 91 | . . . . . 14 11 16 5 . . 1 17 14 13 Electromagnetic 124 | . 24 11 . . 46 24 . 10 8 . . 1 . . Robot Hit Streak 23 | . 23 6 . 6 18 19 9 14 9 5 . 13 8 9 Robot Miss Streak 7 | . 4 1 . . 2 3 1 3 7 . . 4 5 6 Penetration Max 2 | . . . . . 1 1 . . 1 . . . 1 2 Secondary Targets . | . . . . . . . . . . . . . . . Capacitor 59 | . . . . . . . . . . . . . 9 50 Shots Hit Robots 545 | . 74 13 . 6 72 79 13 30 66 4 . 42 95 51 Core Hits 373 | . 32 7 . 3 61 54 3 23 34 1 . 55 61 39 Critical Hits 13 | . . . . . 1 2 . 1 4 . . 2 2 1 Critical Kills 4 | . . . . . . 1 . 1 . . . 1 1 . Critical Parts Destroyed 9 | . . . . . 1 1 . . 4 . . 1 1 1 Melee Attacks 307 | . . . . . 2 108 . 66 26 . . 21 51 33 Impact 18 | . . . . . . . . . 17 . . 1 . . Slashing 185 | . . . . . 2 108 . 66 9 . . . . . Piercing 104 | . . . . . . . . . . . . 20 51 33 Sneak Attacks 37 | . . . . . . 15 . 3 3 . . 3 5 8 Combat Hostiles . | . . . . . . . . . . . . . . . Follow-up Attacks . | . . . . . . . . . . . . . . . Damage Inflicted 29814 | . 1057 308 . 199 2745 4234 1420 1877 3195 144 110 4239 6078 4208 Guns 3778 | . 577 79 . 31 877 411 . 127 307 . . 6 980 383 Cannons 8691 | . 408 206 . 167 780 734 . 445 1177 144 . 1247 1740 1643 Explosions 11386 | . 70 . . . 1057 1121 1420 764 949 . 110 2390 2205 1300 Melee 5877 | . . . . . . 1943 . 541 762 . . 596 1153 882 Ramming 82 | . 2 23 . 1 31 25 . . . . . . . . Kinetic 3431 | . 230 79 . 31 877 411 . 127 307 . . 6 980 383 Thermal 8903 | . 417 . . 167 178 433 . 634 1868 144 . 1247 2172 1643 Explosive 9058 | . . . . . 879 978 1420 215 . . 110 2383 1773 1300 Electromagnetic 2463 | . 408 206 . . 780 444 . 360 258 . . 7 . . Impact 535 | . . . . . . . . . 460 . . 75 . . Slashing 2786 | . . . . . . 1943 . 541 302 . . . . . Piercing 2556 | . . . . . . . . . . . . 521 1153 882 Highest Corruption 13 | . . . . . . 8 . 13 1 . 10 11 7 9 Average Corruption 5 | . . . . . . 5 . 10 1 . 10 6 3 4 Corruption Purged 39 | . . . . . . 8 . 6 3 . . 13 9 . Effects 292 | . . . . . . 75 . 62 . . 2 72 51 30 Message Errors 59 | . . . . . . 14 . 10 . . 2 13 13 7 Matter Fused 50 | . . . . . . 8 . 7 . . . 18 13 4 Heat Flow Errors 31 | . . . . . . 11 . 7 . . . 7 3 3 Energy Discharges 39 | . . . . . . 14 . 6 . . . 11 2 6 Parts Rejected 2 | . . . . . . 1 . . . . . . . 1 Data Loss (minor) 40 | . . . . . . 12 . 9 . . . 6 12 1 Data Loss (major) 12 | . . . . . . 5 . 2 . . . 3 . 2 Misfires 9 | . . . . . . 2 . 3 . . . 3 1 . Misdirections 10 | . . . . . . . . 7 . . . 3 . . Targeting Errors 35 | . . . . . . 7 . 10 . . . 6 7 5 Weapon Failures 5 | . . . . . . 1 . 1 . . . 2 . 1 Overload Shots . | . . . . . . . . . . . . . . . Overflow Damage 2121 | . 8 2 . 18 20 655 36 134 215 . . 474 384 175 Projectiles 413 | . 8 2 . 18 5 74 . 42 35 . . 86 64 79 Explosions 621 | . . . . . 15 38 36 11 86 . . 225 196 14 Melee 1087 | . . . . . . 543 . 81 94 . . 163 124 82 Knockbacks 2 | . . . . . . . . . 2 . . . . . Impact 2 | . . . . . . . . . 2 . . . . . Kinetic . | . . . . . . . . . . . . . . . Secondary . | . . . . . . . . . . . . . . . Self-Inflicted Damage 368 | . 1 . . . 72 64 . 183 6 . . 42 . . Shots 11 | . . . . . 2 3 . 3 1 . . 2 . . Rammed 13 | . 1 2 . 1 6 3 . . . . . . . . Targets Rammed 13 | . 1 2 . 1 6 3 . . . . . . . . Kicked . | . . . . . . . . . . . . . . . Crushed . | . . . . . . . . . . . . . . . Highest Temperature 528 | . 456 126 . 391 528 352 117 374 361 296 . 459 324 400 Average Temperature 84 | . 131 57 . 207 97 97 50 102 85 190 . 102 51 95 Received Heat Transfer 906 | . 156 27 . . 270 126 . 54 . . . 162 111 . Effects 27 | . 4 . . 1 8 3 . 3 3 . . 2 3 . Shutdowns 4 | . 1 . . . 1 1 . . . . . 1 . . Energy Bleed 4 | . 1 . . . . 1 . 1 1 . . . . . Interference 8 | . 2 . . . . 1 . 2 1 . . . 2 . Matter Decay 2 | . . . . . 1 . . . 1 . . . . . Short Circuit 2 | . . . . . 1 . . . . . . 1 . . Damage (minor) 3 | . . . . 1 1 . . . . . . . 1 . Damage (major) 4 | . . . . . 4 . . . . . . . . . Siege Activations . | . . . . . . . . . . . . . . . Robots Corrupted 1 | . . . . . 1 . . . . . . . . . Combat Hostiles 1 | . . . . . 1 . . . . . . . . . Parts Fried 12 | . 4 1 . . 5 1 . . 1 . . . . . Impact Corruptions 3 | . . . . . . . . . 2 . . 1 . . Robots Melted 2 | . . . . . . . . . 1 1 . . . . Combat Hostiles 2 | . . . . . . . . . 1 1 . . . . Parts Melted 36 | . 3 . . 1 1 3 . 7 5 3 . 5 2 6 Heat Transferred 11612 | . 1136 . . 400 250 820 . 960 2296 320 . 2050 2505 875 Parts Sabotaged . | . . . . . . . . . . . . . . . Parts Stolen . | . . . . . . . . . . . . . . . Parts Stripped . | . . . . . . . . . . . . . . . Power Chain Reactions 6 | . 1 . . . 4 1 . . . . . . . . Missiles Intercepted . | . . . . . . . . . . . . . . . Alert | -11 -10 -10 -10 -9 -8 -7 -7 -7 -6 -5 -5 -5 -4 -3 ------- Run | Scr Mat Min Exi Min Mat Fac Was Fac Fac Fac Was Fac Fac Res Peak Influence 1114 | . 263 141 . 40 319 418 94 277 328 165 81 475 1114 716 Initial 584 | . . 66 . . 15 131 58 65 104 135 57 53 219 584 Average 184 | . 102 79 . 15 145 124 79 116 125 143 62 107 403 531 Maximum Alert Level 4 | . 1 . . . 1 2 . 1 1 . . 2 4 3 Low Security (%) 67 | 100 87 100 . 100 57 85 100 78 83 100 100 77 28 . Level 1 17 | . 12 . . . 42 11 . 21 16 . . 13 17 11 Level 2 14 | . . . . . . 2 . . . . . 8 46 85 Level 3 . | . . . . . . . . . . . . . 5 2 Level 4 . | . . . . . . . . . . . . . 1 . Level 5 . | . . . . . . . . . . . . . . . High Security . | . . . . . . . . . . . . . . . Max Security . | . . . . . . . . . . . . . . . Squads Dispatched 46 | . 3 . . . 2 8 . 5 5 . . 7 10 6 Investigation 8 | . 1 . . . 2 . . 1 . . . 2 2 . Extermination 23 | . . . . . . 5 . 2 2 . . 4 6 4 Reinforcement 12 | . 2 . . . . 3 . 1 3 . . 1 . 2 Assault 2 | . . . . . . . . . . . . . 2 . Garrison 1 | . . . . . . . . 1 . . . . . . Intercept . | . . . . . . . . . . . . . . . Construction Impeded 3 | . . . . . . . . 1 1 . . 1 . . Haulers Reinforced 3 | . . . . . . 1 . . 1 . . . . 1 Stealth | -11 -10 -10 -10 -9 -8 -7 -7 -7 -6 -5 -5 -5 -4 -3 --------- Run | Scr Mat Min Exi Min Mat Fac Was Fac Fac Fac Was Fac Fac Res Distress Signals 13 | . 1 . . . 1 2 . . 3 . . 1 3 2 Communications Jammed . | . . . . . . . . . . . . . . . Distress Signals . | . . . . . . . . . . . . . . . Times Spotted 250 | . 22 7 . 2 29 37 1 16 30 1 6 33 42 24 Peak Tracking Total 9 | . 4 3 . 2 5 4 1 3 5 1 6 5 9 6 Tactical Retreats 29 | . 1 . . . . 5 . 2 7 . . 2 8 4 Traps | -11 -10 -10 -10 -9 -8 -7 -7 -7 -6 -5 -5 -5 -4 -3 ------- Run | Scr Mat Min Exi Min Mat Fac Was Fac Fac Fac Was Fac Fac Res Traps Triggered 12 | . 1 . . . . 2 . 2 2 1 . 1 2 1 Indirectly . | . . . . . . . . . . . . . . . Trap Hack Attempts . | . . . . . . . . . . . . . . . Triggered . | . . . . . . . . . . . . . . . Disarmed . | . . . . . . . . . . . . . . . Reprogrammed . | . . . . . . . . . . . . . . . Reused . | . . . . . . . . . . . . . . . Traps Extracted . | . . . . . . . . . . . . . . . Installed . | . . . . . . . . . . . . . . . Triggered . | . . . . . . . . . . . . . . . Exploded 1 | . . . 1 . . . . . . . . . . . Machines | -11 -10 -10 -10 -9 -8 -7 -7 -7 -6 -5 -5 -5 -4 -3 ---------- Run | Scr Mat Min Exi Min Mat Fac Was Fac Fac Fac Was Fac Fac Res Machines Disabled 58 | . 3 1 . . 7 11 . 3 8 . . 8 17 . Max in Single Turn 5 | . 1 1 . . 2 4 . 1 4 . . 2 5 . Garrison Access 9 | . . . . . . 2 . 1 3 . . 2 1 . Machines Sabotaged . | . . . . . . . . . . . . . . . Garrisons Compromised 1 | . . . . . . 1 . . . . . . . . Overloaded Fab Kills . | . . . . . . . . . . . . . . . Fab Network Shutdowns . | . . . . . . . . . . . . . . . Hacking | -11 -10 -10 -10 -9 -8 -7 -7 -7 -6 -5 -5 -5 -4 -3 --------- Run | Scr Mat Min Exi Min Mat Fac Was Fac Fac Fac Was Fac Fac Res Machines Accessed 111 | . 6 . 1 . 13 20 . 18 17 . . 21 10 5 Terminals 69 | . 5 . . . 11 11 . 11 10 . . 10 7 4 Fabricators 13 | . . . . . . 4 . 2 2 . . 3 2 . Repair Stations 5 | . . . . . . . . 1 1 . . 3 . . Recycling Units 8 | . 1 . . . 1 2 . 2 1 . . 1 . . Scanalyzers 6 | . . . . . 1 1 . 1 . . . 1 1 1 Garrison Access 9 | . . . . . . 2 . 1 3 . . 3 . . Total Hacks 391 | . 18 . 1 . 45 75 . 50 54 . . 83 49 16 Successful 234 | . 12 . 1 . 21 43 . 25 34 . . 60 32 6 Failed 155 | . 6 . . . 23 32 . 25 20 . . 22 17 10 Catastrophic 25 | . . . . . 6 6 . 5 2 . . 2 3 1 Database Lockouts 2 | . . . . . 1 . . . . . . 1 . . Manual 159 | . 12 . 1 . 26 23 . 20 26 . . 28 19 4 Terminals 244 | . 17 . . . 36 40 . 32 35 . . 39 32 13 Fabricators 58 | . . . . . . 22 . 6 9 . . 13 8 . Repair Stations 24 | . . . . . . . . 4 4 . . 16 . . Recycling Units 16 | . 1 . . . 2 5 . 5 1 . . 2 . . Scanalyzers 31 | . . . . . 7 2 . 2 . . . 8 9 3 Garrison Access 17 | . . . . . . 6 . 1 5 . . 5 . . Terminal Hacks 96 | . 9 . 1 . 11 17 . 9 15 . . 17 14 3 Record 3 | . . . . . 1 . . . 1 . . 1 . . Part Schematic 11 | . . . . . 1 1 . 1 4 . . 2 2 . Robot Analysis 11 | . 2 . . . . 3 . . 1 . . 4 1 . Prototype ID Bank 6 | . 1 . . . . 1 . 1 1 . . . 2 . Level Access Points 1 | . . . . . . . . . . . . . 1 . Branch Access Points 6 | . 1 . . . 1 1 . . 1 . . 1 1 . Machine Index 2 | . . . . . . . . . 1 . . 1 . . Terminal Index 2 | . . . . . . . . 1 . . . . 1 . Fabricator Index 3 | . . . . . . 1 . 1 . . . . 1 . Alert Level 4 | . 1 . . . 1 . . . 2 . . . . . Unreport Threat 19 | . 2 . . . 2 3 . 1 1 . . 5 4 1 Locate Traps 13 | . 1 . . . 2 4 . 3 . . . 1 . 2 Recall Investigation 1 | . . . . . 1 . . . . . . . . . Hauler Manifests 8 | . 1 . . . 1 1 . 1 2 . . 1 1 . Registered Prototypes 4 | . . . . . 1 1 . . 1 . . 1 . . Zone Layout 1 | . . . . . . 1 . . . . . . . . EX-Prototype ID Bank 1 | . . . 1 . . . . . . . . . . . Fabricator Hacks 37 | . . . . . . 15 . 4 5 . . 9 4 . Network Status 2 | . . . . . . 2 . . . . . . . . Load Schematic 15 | . . . . . . 5 . 2 2 . . 4 2 . Build 20 | . . . . . . 8 . 2 3 . . 5 2 . Repair Station Hacks 22 | . . . . . . . . 4 2 . . 16 . . Scan Component 11 | . . . . . . . . 2 1 . . 8 . . Repair 11 | . . . . . . . . 2 1 . . 8 . . Recycling Unit Hacks 9 | . 1 . . . 1 2 . 2 1 . . 2 . . Retrieve Matter 2 | . . . . . . 1 . . . . . 1 . . Retrieve Components 7 | . 1 . . . 1 1 . 2 1 . . 1 . . Scanalyzer 29 | . . . . . 6 2 . 2 . . . 8 9 2 Insert Component 12 | . . . . . 3 1 . 1 . . . 2 4 1 Analyze 17 | . . . . . 3 1 . 1 . . . 6 5 1 Garrison Access Hacks 8 | . . . . . . 2 . 1 3 . . 2 . . Seal Access 8 | . . . . . . 2 . 1 3 . . 2 . . Unauthorized Hacks 33 | . 2 . . . 3 5 . 3 8 . . 6 5 1 Terminals 24 | . 2 . . . 3 3 . 2 7 . . 3 3 1 Assimilate 3 | . . . . . . 1 . . 2 . . . . . Botnet 20 | . 2 . . . 2 2 . 2 5 . . 3 3 1 Operators 1 | . . . . . 1 . . . . . . . . . Fabricators 9 | . . . . . . 2 . 1 1 . . 3 2 . Siphon 9 | . . . . . . 2 . 1 1 . . 3 2 . Repair Stations . | . . . . . . . . . . . . . . . Recycling Units . | . . . . . . . . . . . . . . . Scanalyzers . | . . . . . . . . . . . . . . . Garrison Access . | . . . . . . . . . . . . . . . Data Cores Recovered 4 | . 1 . . . 3 . . . . . . . . . Used 1 | . . . . . 1 . . . . . . . . . Hacking Detections 90 | . 5 . . . 11 17 . 15 14 . . 14 10 4 Full Trace Events 7 | . . . . . 3 . . 1 . . . 2 1 . Feedback Events 1 | . . . . . . . . . . . . . 1 . Corruption 1 | . . . . . . . . . . . . . 1 . Feedback Blocked . | . . . . . . . . . . . . . . . Robot Schematics Acquired . | . . . . . . . . . . . . . . . Robots Built . | . . . . . . . . . . . . . . . Matter . | . . . . . . . . . . . . . . . Time . | . . . . . . . . . . . . . . . Total Robot Build Rating . | . . . . . . . . . . . . . . . Part Schematics Acquired 22 | . . . . . 4 2 . 2 4 . . 4 5 1 Parts Built 22 | . . . . . . 8 . 2 3 . . 6 3 . Matter 2797 | . . . . . . 692 . 255 539 . . 957 354 . Time 1330 | . . . . . . 383 . 109 115 . . 593 130 . Total Part Build Rating 105 | . . . . . . 36 . 6 16 . . 30 17 . Parts Repaired 11 | . . . . . . . . 2 1 . . 8 . . Time 505 | . . . . . . . . 100 25 . . 380 . . Parts Recycled . | . . . . . . . . . . . . . . . Recycled Matter . | . . . . . . . . . . . . . . . Retrieved Matter . | . . . . . . . . . . . . . . . Retrieved Components 21 | . 2 . . . 10 . . . 9 . . . . . Parts Scanalyzed 11 | . . . . . 3 1 . 1 . . . 2 3 1 Part Schematics Acquired 11 | . . . . . 3 1 . 1 . . . 2 3 1 Parts Damaged 1 | . . . . . . . . . . . . . 1 . Bothacking | -11 -10 -10 -10 -9 -8 -7 -7 -7 -6 -5 -5 -5 -4 -3 ------------ Run | Scr Mat Min Exi Min Mat Fac Was Fac Fac Fac Was Fac Fac Res Used RIF Installer . | . . . . . . . . . . . . . . . Robots Hacked . | . . . . . . . . . . . . . . . Non-combat . | . . . . . . . . . . . . . . . Combat . | . . . . . . . . . . . . . . . Robot Hacks Applied . | . . . . . . . . . . . . . . . Relay Couplers Released 6 | . . . . . . . . 1 3 . . . 2 . Machine Destruction 3 | . . . . . . . . 1 . . . . 2 . Programmers 3 | . . . . . . . . . 3 . . . . . Robots Rewired 1 | . . . . . . . . . 1 . . . . . Allies Hacked 1 | . . . . . . . . . 1 . . . . . Hacks Repelled . | . . . . . . . . . . . . . . . Allies | -11 -10 -10 -10 -9 -8 -7 -7 -7 -6 -5 -5 -5 -4 -3 -------- Run | Scr Mat Min Exi Min Mat Fac Was Fac Fac Fac Was Fac Fac Res Total Allies 16 | . . 1 . . . 12 . . 2 . 1 . . . Largest Group 12 | . . 1 . . . 12 . . 1 . 1 . . . Highest-Rated Group 254 | . . 31 . . . 254 . . 26 . 31 . . . Highest-Rated Ally 31 | . . 31 . . . 31 . . 26 . 31 . . . Total Orders 3 | . . . . . . . . . 3 . . . . . STAY 1 | . . . . . . . . . 1 . . . . . ROAM 1 | . . . . . . . . . 1 . . . . . FOLLOW 1 | . . . . . . . . . 1 . . . . . Ally Attacks 58 | . . 5 . . . 29 . . 9 . 15 . . . Total Damage 1038 | . . 105 . . . 607 . . 97 . 229 . . . Kills 9 | . . 2 . . . 5 . . 2 . . . . . Allies Corrupted . | . . . . . . . . . . . . . . . Allies Melted . | . . . . . . . . . . . . . . . Intel | -11 -10 -10 -10 -9 -8 -7 -7 -7 -6 -5 -5 -5 -4 -3 ------- Run | Scr Mat Min Exi Min Mat Fac Was Fac Fac Fac Was Fac Fac Res Robot Analysis Total 11 | . 2 . . . . 3 . . 1 . . 4 1 . Derelict Logs Recovered 2 | . . 2 . . . . . . . . . . . . Drone Launches . | . . . . . . . . . . . . . . . Drone Recoveries . | . . . . . . . . . . . . . . . Exploration | -11 -10 -10 -10 -9 -8 -7 -7 -7 -6 -5 -5 -5 -4 -3 ------------- Run | Scr Mat Min Exi Min Mat Fac Was Fac Fac Fac Was Fac Fac Res Turns Passed 20982 | 8 986 994 430 253 2349 3846 144 2003 2337 47 107 3204 2958 1316 Spaces Moved 16068 | 3 511 525 239 124 1139 3294 108 1746 2162 40 139 2250 2719 1069 Core . | . . . . . . . . . . . . . . . Treads 2917 | 3 318 525 239 124 1139 569 . . . . . . . . Legs . | . . . . . . . . . . . . . . . Wheels 193 | . 193 . . . . . . . . . . . . . Hover 12958 | . . . . . . 2725 108 1746 2162 40 139 2250 2719 1069 Flight . | . . . . . . . . . . . . . . . Fastest Speed 64 | 160 100 180 180 180 170 68 68 68 68 68 68 68 64 64 Average Speed 88 | 160 148 180 180 180 177 84 106 79 68 68 68 68 64 65 Slowest Speed 240 | 160 180 220 180 180 240 172 138 138 142 68 68 142 134 138 Overloaded Moves . | . . . . . . . . . . . . . . . Propulsion Burnouts . | . . . . . . . . . . . . . . . Robots Hopped . | . . . . . . . . . . . . . . . Cave-ins Triggered 2 | . . . . . . . . 1 . . . . 1 . Exploration Rate (%) 51 | 2 82 99 68 28 84 61 71 46 45 2 86 40 39 23 Regions Visited 14 Branch Regions 3 Pre-discovered Areas 1 | . . 1 . . . . . . . . . . . . Known Exits Taken 3 | . 1 . . . . . . 1 . . . . 1 . Unknown Exits Taken 7 | 1 . 1 1 1 1 . . . 1 . . 1 . . Scrap Searched 2 | . . 1 . 1 . . . . . . . . . . Spaces Dug 370 | . . . . . 2 73 . 56 60 . . 80 54 45 Terrain Destroyed 1330 | . 2 . . . 158 182 65 118 114 . 18 279 233 161 Melee 175 | . . . . . 2 71 . 52 6 . . 6 17 21 Projectile 262 | . . . . . . 2 . 5 60 . . 81 76 38 AOE 893 | . 2 . . . 156 109 65 61 48 . 18 192 140 102 Terrain Rammed . | . . . . . . . . . . . . . . . Walls Destroyed . | . . . . . . . . . . . . . . . Machines Disabled . | . . . . . . . . . . . . . . . Actions | -11 -10 -10 -10 -9 -8 -7 -7 -7 -6 -5 -5 -5 -4 -3 --------- Run | Scr Mat Min Exi Min Mat Fac Was Fac Fac Fac Was Fac Fac Res Total 21442 | 6 640 550 239 144 1361 4122 122 2213 2842 55 151 3747 3671 1579 Wait 3428 | . 32 8 . 6 36 482 . 257 434 7 8 1227 637 294 Move 16055 | 2 510 524 238 123 1138 3294 107 1745 2161 40 138 2249 2717 1069 Hop . | . . . . . . . . . . . . . . . Pick Up 153 | . 17 3 1 2 23 28 2 13 10 . 1 23 19 11 Fast Attach 96 | . 3 . . . 17 20 . 9 13 . . 13 12 9 Attach 96 | . 2 1 . 2 9 15 1 12 4 2 1 17 17 13 Detach 58 | . 2 . . . 15 5 1 3 5 . 2 6 13 6 Swap 266 | 2 5 . . 4 23 60 . 21 33 2 . 33 57 26 Drop 196 | 2 10 1 . . 31 46 3 17 21 . . 27 22 16 Fire 733 | . 58 11 . 6 61 59 8 44 126 4 1 128 125 102 Melee 307 | . . . . . 2 108 . 66 26 . . 21 51 33 Ram 1 | . 1 . . . . . . . . . . . . . Kick . | . . . . . . . . . . . . . . . Crush 12 | . . 2 . 1 6 3 . . . . . . . . Escape Stasis 32 | . . . . . . 2 . 26 . . . 3 1 . Rewire 9 | . . . . . . . . . 9 . . . . . Trap . | . . . . . . . . . . . . . . . Miscellaneous . | . . . . . . . . . . . . . . . Route ------- -11/Scrapyard -10/Materials (discovered 4 exits: [*Mat x3] / *Min) -10/Mines (discovered 3 exits: [*Mat x2] / *Exi) -10/Exiles -9/Mines -8/Materials (discovered 2 exits: *Fac x2) -7/Factory (discovered 6 exits: *Fac x4 / Low x2) -7/Waste -7/Factory -6/Factory (discovered 5 exits: [*Fac] / Low x2 / *Ext x2) -5/Factory -5/Waste -5/Factory (discovered 4 exits: *Fac x2 / *Upp x2) -4/Factory (discovered 6 exits: *Res x4 / Upp x2) -3/Research (discovered 1 exit: [*Res]) History --------- Turn | Location | Event 6 | -11/Scrapyard | Discovered new exit (range 3) 9 | -11/Scrapyard | Entered Materials 53 | -10/Materials | Identified exit to Mines 326 | -10/Materials | Build established: Mutant 412 | -10/Materials | Discovered new exit (range 7) 605 | -10/Materials | Discovered new exit (range 15) 709 | -10/Materials | Discovered new exit (range 12) 995 | -10/Materials | Entered Mines 1052 | -10/Mines | A weapon hastily lodged in a ceiling crevice suddenly fell to the ground 1278 | -10/Mines | Discovered new exit (range 7) 1282 | -10/Mines | Received a Mining Laser from a helpful Derelict 1568 | -10/Mines | Learned Materials trap positions 1581 | -10/Mines | Discovered new exit (range 5) 1781 | -10/Mines | Deemed a non-threat by the Exiles lab entrance 1982 | -10/Mines | Discovered new exit (range 5) 1989 | -10/Mines | Entered Exiles 2033 | -10/Exiles | Met 8R-AWN 2063 | -10/Exiles | Met EX-HEX 2112 | -10/Exiles | Met EX-BIN 2137 | -10/Exiles | Aligned with FarCom system 2139 | -10/Exiles | Given EX-Vault access code 2186 | -10/Exiles | Opened EX-Vault 2202 | -10/Exiles | Found Gui. Plasma Cannon 2239 | -10/Exiles | Warned to stay clear of 0b10 Research branches 2260 | -10/Exiles | Exiles lab attacked by MAIN.C 2399 | -10/Exiles | Discovered new exit (range 14) 2419 | -10/Exiles | Left Exiles lab with Gui. Plasma Cannon 2419 | -10/Exiles | Entered Mines 2525 | -9/Mines | Assembled infested the area 2530 | -9/Mines | Assisted by a Guerilla fighting off Assembled 2557 | -9/Mines | Core integrity fell below 50% 2648 | -9/Mines | Discovered new exit (range 13) 2672 | -9/Mines | Entered Materials 2672 | -8/Materials | Evolved 4 slots: Propulsion x1, Utility x3 2673 | -8/Materials | Loaded intel: 12 trap records 2963 | -8/Materials | Build established: Hauler-Mutant 4020 | -8/Materials | Discovered new exit (range 16) 4293 | -8/Materials | Central database locked down 4805 | -8/Materials | Discovered new exit (range 15) 5021 | -8/Materials | Entered Factory 5021 | -7/Factory | Evolved 2 slots: Propulsion x1, Utility x1 5922 | -7/Factory | Fabricated Hacking Suite? 6195 | -7/Factory | Fabricated Hacking Suite (x1) 6297 | -7/Factory | Fabricated Cmb. Airjet (x2) 6403 | -7/Factory | Fabricated Cmb. Airjet (x2) 6501 | -7/Factory | Build established: Hacker-Mutant 6750 | -7/Factory | Discovered new exit (range 14) 7204 | -7/Factory | Fabricated Cmb. Airjet (x2) 8202 | -7/Factory | Discovered new exit (range 11) 8248 | -7/Factory | Identified exit to Factory 8308 | -7/Factory | Discovered exit to Factory (range 12) 8489 | -7/Factory | Identified exit to Lower Caves 8658 | -7/Factory | Discovered exit to Factory (range 6) 8867 | -7/Factory | Sucked down chute 8867 | -7/Factory | Entered Waste 8867 | -7/Waste | The area was eerily silent 8903 | -7/Waste | Found Damper Plating 8920 | -7/Waste | A Compactor rumbled back to life 8920 | -7/Waste | Spotted C-40 Crusher 8949 | -7/Waste | Destroyed C-40 Crusher 8979 | -7/Waste | Discovered new exit (range 16) 9004 | -7/Waste | Found Damper Plating 9011 | -7/Waste | Entered Factory 9823 | -7/Factory | Crushed by falling debris 9823 | -7/Factory | System corruption reached 10% 9854 | -7/Factory | Lost 3 parts (1p2u) 9934 | -7/Factory | Garrison activated, responded to threat 10110 | -7/Factory | Fabricated Hacking Suite? 10125 | -7/Factory | Build established: Mutant 10180 | -7/Factory | Repaired Cmb. Airjet 10231 | -7/Factory | Repaired Cmb. Airjet 10493 | -7/Factory | Fabricated Hacking Suite (x1) 10597 | -7/Factory | Found Prototype Launcher 10597 | -7/Factory | Identified Rocket Array 11000 | -7/Factory | Discovered exit to Factory (range 14) 11014 | -7/Factory | Entered another Factory area 11014 | -6/Factory | Evolved 2 slots: Utility x2 11234 | -6/Factory | Spotted B-75 Beast 11314 | -6/Factory | Build established: Hacker-Mutant 12036 | -6/Factory | Fabricated Smartbomb Launcher? 12069 | -6/Factory | Identified exit to Lower Caves 12069 | -6/Factory | Identified exit to Extension 12324 | -6/Factory | Discovered new exit (range 3) 12449 | -6/Factory | Repaired Cmb. Airjet 12977 | -6/Factory | Fabricated Imp. Hacking Suite (x1) 13036 | -6/Factory | Fabricated Imp. Hacking Suite? 13133 | -6/Factory | Found Prototype Processor 13133 | -6/Factory | Identified Exp. Targeting Computer 13351 | -6/Factory | Entered another Factory area 13351 | -5/Factory | Evolved 2 slots: Utility x2 13375 | -5/Factory | Discovered new exit (range 20) 13398 | -5/Factory | Sucked down chute 13398 | -5/Factory | Entered Waste 13399 | -5/Waste | Met a frightened Derelict 13413 | -5/Waste | EMP discharged 13413 | -5/Waste | System corruption reached 10% 13419 | -5/Waste | Spotted C-40 Crusher 13435 | -5/Waste | Spotted C-40 Crusher 13436 | -5/Waste | Found Adv. Powered Armor 13453 | -5/Waste | Spotted C-40 Crusher 13453 | -5/Waste | Spotted C-40 Crusher 13491 | -5/Waste | Spotted C-40 Crusher 13495 | -5/Waste | Discovered new exit (range 16) 13497 | -5/Waste | Spotted C-40 Crusher 13505 | -5/Waste | Entered Factory 13651 | -5/Factory | Build established: Hacker-Scout 13652 | -5/Factory | Discovered new exit (range 21) 13756 | -5/Factory | Fabricated Imp. Hacking Suite? 13811 | -5/Factory | Discovered new exit (range 23) 13940 | -5/Factory | Repaired Cmb. Airjet 13976 | -5/Factory | Repaired Imp. Heavy Armor Plating 14015 | -5/Factory | Identified exit to Upper Caves 14765 | -5/Factory | Repaired Lgt. Angular Momentum Engine 14817 | -5/Factory | Repaired Cmb. Airjet 15480 | -5/Factory | Fabricated Mni. Smartbomb Launcher (x1) 15652 | -5/Factory | Fabricated Mni. Smartbomb Launcher (x1) 15958 | -5/Factory | Central database locked down 16129 | -5/Factory | Repaired Cmb. Airjet 16198 | -5/Factory | Repaired Cmb. Airjet 16249 | -5/Factory | Repaired Cmb. Airjet 16357 | -5/Factory | Repaired Cld. Plasma Cannon 16563 | -5/Factory | Build established: Hacker-Mutant 16586 | -5/Factory | Fabricated Adv. Terrain Scan Processor (x2) 16603 | -5/Factory | Fabricated Exp. Propulsion Shielding? 16709 | -5/Factory | Entered another Factory area 16709 | -4/Factory | Evolved 2 slots: Power x1, Propulsion x1 16814 | -4/Factory | Found Unknown Device 16814 | -4/Factory | Identified Quantum Capacitor 16896 | -4/Factory | Found Prototype Hackware 17110 | -4/Factory | Identified Exp. Hacking Suite 17174 | -4/Factory | Discovered new exit (range 20) 17395 | -4/Factory | Build established: Hacker-Scout 17431 | -4/Factory | Identified exit to Upper Caves 17431 | -4/Factory | Identified exit to Research 17892 | -4/Factory | Crushed by falling debris 18070 | -4/Factory | Fabricated Imp. System Shield? 18189 | -4/Factory | Fabricated Cmb. Gravmag System (x2) 18915 | -4/Factory | Lost 3 parts (3u) 19490 | -4/Factory | First assault squad dispatched 19667 | -4/Factory | Entered Research 19667 | -3/Research | Evolved 2 slots: Utility x2 19971 | -3/Research | Build established: Machinist-Scout 20267 | -3/Research | Discovered new exit (range 17) 20983 | -3/Research | Self-destructed Last Messages --------------- 20959_ Sml. Battery melted. 20959_ Adv. Heat Sink melted. 20959_ Adv. Target Analyzer melted. 20959_ P-80 Master destroyed. 20960_ K-01 Serf collects debris. 20965_ System corrupted: Railgun targeting data glitched. 20966_ K-01 Serf collects debris. 20967_ Slug penetrates Wall. 20969_ Destroyed Imp. Antigrav System. 20970_ K-01 Serf collects debris. 20973_ System corrupted: Railgun targeting data glitched. 20974_ K-01 Serf collects debris. 20975_ System corrupted: Railgun targeting data glitched. 20975_ Slug penetrates Wall. 20978_ K-01 Serf collects debris. 20979_ Slug penetrates P-80 Master. 20979_ Slug penetrates K-01 Serf. 20979_ K-01 Serf destroyed. 20981_ Slug penetrates P-80 Master. [Achievement: Just Browsing] Map ----- +----------------------------------------------------+ | ? # "?" ? #####?#+# ??????????? | | ? # """ ??? ?? ?? ? ???????? | | # """?? #? /? ??? ?????? | | + ?? ? ??? ?? ????????? | | ] # ? ? # #? ? ???????? | | ###+####### # # ??? # ? ?????? | | ##### ########### """ + ? ???????? | | ##### # # """ ?? ? ? ????? | | ##### # / """ # ? ? ?????? | | ##### # # ?###??###?#???? | | ##### # #? ?###??# ? ? ??? | | ##### # # ? ##??#? ?? ?? | | ########### # """"" ###?#######??#?? ???# | | ##### # """"" ####?####??##? ? ? ?? | | ##### g # """"" ###?####??##?????? #? | | ##### g ##+#########?#?#?##?##?# ?? ?? | | ##### ggg ##########?#??##????#?#??? | | ####+## ############?#??######??## | | ####?###?#####??#??###??#? | | ############?####?##?#?#?? | | # ######???###?##?# | | gg ######### = # ##?##?##?##???### | | g #! # =%*# ##?#########?##?? | | # # ; ! #######?######?#? | | # + %p! #??#####??#??#??# | | ###+## # %*@ ###??####?#?##??? | | # # # *# = ##??####???###??? | | + # # # ! ########??#?#???? | | # # # ### ##########????### | | # # # ############?##?######?#?#?? | | ###### # + ####### ####?####?###???#??? | | ## # ### # ######?####?##?#???? | | ## # ## # #####??######?###??? | | ## ####### ### + = #########??#??####?# | | / ## ####### ###+### ###############?####???? | | / ############# ############???#?###?##? | | ############# #####?#####?###??###?#?# | | = ########## # ###########?##?###?##??? | | ########## ## #################??#??#? | | ########## ####### #########?######?##?#????#? | | ########## ?# #########?##??######?#???? | | ########## ## #######?####?###?#???????# | | ############# ##############??#?#?????? | | ### ## # # ######?#?#??#??? | | ####### # ! # #####?###?#????? | | + # = # """#######?##?#???? | | # === # # """####?####?##???? | | + == # # """####???####????? | | ##### == # = # ######?#?###???? | | ##### # # ###########????? | +----------------------------------------------------+ Best States ------------- Heat Dissipation 72 Coolant Potential 100 Energy Generation 36 Energy Capacity 740 Matter Stores 300 Matter Capacity 550 Sight Range 16 Terrain Scan Range 24 Terrain Scan Density 210 Jamming Range 16 EM Shielding 8 Armor Coverage 1200 Resistance: KI 30 Resistance: EM 90 Propulsion Shielding 90 Utility Shielding 66 Evasion (%) 64 Targeting Accuracy 5 Melee Accuracy 5 Target Analysis 6 Recoil Reduction 4 Particle Charging 25 Offensive Hacking 28 Defensive Hacking 12 Item Schematics ----------------- Cmb. Airjet | -8/Materials | Scanalyzed System Shield | -8/Materials | Scanalyzed Hacking Suite | -8/Materials | Scanalyzed Adv. Terrain Scanner | -8/Materials | Hacked Hrd. Heavy Armor Plating | -7/Factory | Scanalyzed KE Penetrator | -7/Factory | Hacked Adv. Terrain Scan Processor | -7/Factory | Scanalyzed Mic. Fission Core | -7/Factory | Hacked Smartbomb Launcher | -6/Factory | Hacked Imp. Hacking Suite | -6/Factory | Hacked Hvy. Insulated Plating | -6/Factory | Hacked Exp. Propulsion Shielding | -6/Factory | Hacked Adv. Powered Armor | -5/Factory | Scanalyzed Imp. Propulsion Shielding | -5/Factory | Scanalyzed Imp. System Shield | -5/Factory | Hacked Mni. Smartbomb Launcher | -5/Factory | Hacked Adv. Dynamic Insulation System | -4/Factory | Scanalyzed Cmb. Gravmag System | -4/Factory | Scanalyzed Quantum Capacitor | -4/Factory | Scanalyzed Enh. Nova Cannon | -4/Factory | Hacked Cmb. Linear Gravjet | -4/Factory | Hacked Lrg. Storage Unit | -3/Research | Scanalyzed Robot Schematics ------------------ None Fabricated ------------ Hacking Suite | x1 | -7/Factory Hacking Suite | x1 | -7/Factory Cmb. Airjet | x2 | -7/Factory Cmb. Airjet | x2 | -7/Factory Cmb. Airjet | x2 | -7/Factory Hacking Suite | x1 | -7/Factory Hacking Suite | x1 | -7/Factory Smartbomb Launcher | x1 | -6/Factory Imp. Hacking Suite | x1 | -6/Factory Imp. Hacking Suite | x1 | -6/Factory Imp. Hacking Suite | x1 | -5/Factory Mni. Smartbomb Launcher | x1 | -5/Factory Mni. Smartbomb Launcher | x1 | -5/Factory Adv. Terrain Scan Processor | x2 | -5/Factory Exp. Propulsion Shielding | x1 | -5/Factory Imp. System Shield | x1 | -4/Factory Cmb. Gravmag System | x2 | -4/Factory Alien Tech Used ----------------- None Achievements -------------- A New Friend Below Dangerous Findings Just Browsing Safety First Treasure Hunter Challenges ------------ None Game ------ Seed ResetRemoteDetonator Manual? 0 Play Time 06:49:45 Cumulative 45.5 hours Start 2020.11.01 @ 23:48:24 End 2020.11.02 @ 18:14:48 Sessions 1 Manual Loads 0 Difficulty Rogue Special Mode Halloween2020/ForbiddenLore Game No. 26 Rogue 26 Adventurer 0 Explorer 0 Win Type - Total 0 Types 0/0/0/0/0/0/0/0/0 Lore% 21 Gallery% 25 Achievement% 22 Wizard Run 0 Options --------- ASCII 1 Keyboard 1 Movement Vi Keybinds 0 Fullscreen 1 Font 16/Terminus Map View 75x55 Tactical HUD 1 Map Filters NONE Filters NONE Steam 1 RUN: 2fefd53c-00cc-4763-b286-be7d21909691